| TOP OF THE 1ST |
|
York Revolution batting - Pitching for Niagara Falls Phantoms : LHP Joel Pacheco
|
|
Pitching: LHP Joel Pacheco
|
|
|
Batting: RHB Tony Perez
|
0-0: Called Strike 0-1: Ball 1-1: Ball 2-1: Ground out 6-3 (Groundball, 6, EV 107.5 MPH)
|
|
Batting: RHB Chris Myers
|
0-0: Ground out 5-3 (Groundball, 5, EV 83.1 MPH)
|
|
Batting: RHB Trent Hedrick
|
0-0: Called Strike 0-1: Swinging Strike 0-2: Strikes out swinging
|
| Top of the 1st over - 0 runs, 0 hits, 0 errors, 0 left on base; York 0 - Niagara Falls 0 |
| BOTTOM OF THE 1ST |
|
Niagara Falls Phantoms batting - Pitching for York Revolution : RHP John Hughes
|
|
Pitching: RHP John Hughes
|
|
|
Batting: RHB Christian Shearer
|
0-0: Ball 1-0: Ball 2-0: Ball 3-0: Called Strike 3-1: Called Strike 3-2: Base on Balls
|
|
Batting: SHB Mukhtar Wa'il
|
0-0: Called Strike 0-1: Called Strike 0-2: Ball 1-2: Ball 2-2: Foul Ball, location: 2F 2-2: Strikes out looking
|
|
Batting: RHB Devon Utley
|
0-0: Ball 1-0: Ball 2-0: Fly out, F9 (Line Drive, 9, EV 87.5 MPH)
|
|
Batting: LHB Jose Lebron
|
0-0: Ball Christian Shearer steals 2nd base 1-0: Ball 2-0: Foul Ball, location: 2F 2-1: Foul Ball, location: 2F 2-2: Ball 3-2: Foul Ball, location: 2F 3-2: 2-RUN HOME RUN (Flyball, 89XD, EV 98.8 MPH), Distance : 398 ft
|
|
Batting: LHB Bart Davies
|
0-0: Ball 1-0: Called Strike 1-1: Swinging Strike 1-2: Strikes out swinging
|
| Bottom of the 1st over - 2 runs, 1 hit, 0 errors, 0 left on base; York 0 - Niagara Falls 2 |
| TOP OF THE 2ND |
|
York Revolution batting - Pitching for Niagara Falls Phantoms : LHP Joel Pacheco
|
|
Batting: RHB Jose Corral
|
0-0: Ball 1-0: Ball 2-0: Called Strike 2-1: SINGLE (Line Drive, 8RS, EV 102.5 MPH)
|
|
Batting: RHB Lee Wright
|
0-0: Foul Ball, location: 2F 0-1: Foul Ball, location: 2F 0-2: Strikes out swinging
|
|
Batting: RHB Jake Cox
|
0-0: Ball 1-0: Ball 2-0: Called Strike 2-1: Ball 3-1: Base on Balls Jose Corral to second
|
|
Batting: RHB Joe Hewitt
|
0-0: Fly out, F9 (Line Drive, 9, EV 104.4 MPH)
|
|
Batting: RHB Dave Gallegos
|
0-0: Swinging Strike 0-1: Foul Ball, location: 2F 0-2: Ball 1-2: Ball 2-2: Ball 3-2: Strikes out swinging
|
| Top of the 2nd over - 0 runs, 1 hit, 0 errors, 2 left on base; York 0 - Niagara Falls 2 |
| BOTTOM OF THE 2ND |
|
Niagara Falls Phantoms batting - Pitching for York Revolution : RHP John Hughes
|
|
Batting: SHB David Stewart
|
0-0: Called Strike 0-1: Ball 1-1: SINGLE (Groundball, 4MD, EV 101.9 MPH) (infield hit)
|
|
Batting: RHB Dale Altman
|
0-0: Called Strike 0-1: Fly out, F9 (Line Drive, 9, EV 93.8 MPH)
|
|
Batting: RHB Mark Stafford
|
0-0: Fly out, F7 (Flyball, 7LS, EV 95.6 MPH)
|
|
Batting: RHB John Sprenkel
|
0-0: Fly out, F8 (Line Drive, 8RD, EV 98.8 MPH)
|
| Bottom of the 2nd over - 0 runs, 1 hit, 0 errors, 1 left on base; York 0 - Niagara Falls 2 |
| TOP OF THE 3RD |
|
York Revolution batting - Pitching for Niagara Falls Phantoms : LHP Joel Pacheco
|
|
Batting: RHB Victor Arias
|
0-0: Ball 1-0: Swinging Strike 1-1: Ball 2-1: Swinging Strike 2-2: Foul Ball, location: 2F 2-2: Strikes out swinging
|
|
Batting: RHB Tony Perez
|
0-0: Called Strike 0-1: Ball 1-1: Ball 2-1: Swinging Strike 2-2: Strikes out swinging
|
|
Batting: RHB Chris Myers
|
0-0: Called Strike 0-1: Swinging Strike 0-2: Ball 1-2: Foul Ball, location: 2F 1-2: Foul Ball, location: 2F 1-2: Strikes out swinging
|
| Top of the 3rd over - 0 runs, 0 hits, 0 errors, 0 left on base; York 0 - Niagara Falls 2 |
| BOTTOM OF THE 3RD |
|
Niagara Falls Phantoms batting - Pitching for York Revolution : RHP John Hughes
|
|
Batting: RHB Christian Shearer
|
0-0: Ball 1-0: Ground out 4-3 (Groundball, 4M, EV 106.9 MPH)
|
|
Batting: SHB Mukhtar Wa'il
|
0-0: Foul Ball, location: 2F 0-1: Ball 1-1: Ball 2-1: Swinging Strike 2-2: Foul Ball, location: 2F 2-2: SINGLE (Flyball, 89S, EV 94.4 MPH)
|
|
Batting: RHB Devon Utley
|
0-0: Ball 1-0: Called Strike 1-1: Ball 2-1: Fly out, F5 (Popup, 5, EV 68.8 MPH)
|
|
Batting: LHB Jose Lebron
|
0-0: Ball 1-0: Foul Ball, location: 2F 1-1: 2-RUN HOME RUN (Line Drive, 89XD, EV 110.6 MPH), Distance : 408 ft
|
|
Batting: LHB Bart Davies
|
0-0: Ball 1-0: Ball 2-0: Foul Ball, location: 2F 2-1: Ball 3-1: Base on Balls
|
|
Batting: SHB David Stewart
|
0-0: Ball 1-0: Called Strike 1-1: Ball 2-1: Foul Ball, location: 2F 2-2: Ball 3-2: Base on Balls Bart Davies to second
|
|
Batting: RHB Dale Altman
|
0-0: Swinging Strike 0-1: Ball 1-1: Ground out 6-3 (Groundball, 6S, EV 86.2 MPH)
|
| Bottom of the 3rd over - 2 runs, 2 hits, 0 errors, 2 left on base; York 0 - Niagara Falls 4 |
| TOP OF THE 4TH |
|
York Revolution batting - Pitching for Niagara Falls Phantoms : LHP Joel Pacheco
|
|
Batting: RHB Trent Hedrick
|
0-0: Swinging Strike 0-1: Ball 1-1: Foul Ball, location: 2F 1-2: Ball 2-2: Foul Ball, location: 2F 2-2: Foul Ball, location: 2F 2-2: Foul Ball, location: 2F 2-2: Strikes out swinging
|
|
Batting: RHB Jose Corral
|
0-0: Called Strike 0-1: Called Strike 0-2: Ball 1-2: Ball 2-2: Foul Ball, location: 2F 2-2: Ball 3-2: Strikes out swinging
|
|
Batting: RHB Lee Wright
|
0-0: Foul Ball, location: 2F 0-1: Foul Ball, location: 2F 0-2: Ball 1-2: Ball 2-2: Foul Ball, location: 2F 2-2: Strikes out swinging
|
| Top of the 4th over - 0 runs, 0 hits, 0 errors, 0 left on base; York 0 - Niagara Falls 4 |
| BOTTOM OF THE 4TH |
|
Niagara Falls Phantoms batting - Pitching for York Revolution : RHP John Hughes
|
|
Batting: RHB Mark Stafford
|
0-0: SINGLE (Line Drive, 4MD, EV 101.2 MPH)
|
|
Batting: RHB John Sprenkel
|
0-0: Ball 1-0: Fly out, F9 (Flyball, 9S, EV 93.8 MPH)
|
|
Batting: RHB Christian Shearer
|
0-0: Ball 1-0: Ball 2-0: Called Strike 2-1: Fly out, F7 (Flyball, 7LM, EV 81.2 MPH)
|
|
Batting: SHB Mukhtar Wa'il
|
0-0: Ball 1-0: Ground out 4-3 (Groundball, 4, EV 85.0 MPH)
|
| Bottom of the 4th over - 0 runs, 1 hit, 0 errors, 1 left on base; York 0 - Niagara Falls 4 |
| TOP OF THE 5TH |
|
York Revolution batting - Pitching for Niagara Falls Phantoms : LHP Joel Pacheco
|
|
Batting: RHB Jake Cox
|
0-0: Called Strike 0-1: Swinging Strike 0-2: Ball 1-2: Strikes out swinging
|
|
Batting: RHB Joe Hewitt
|
0-0: Ball 1-0: Ball 2-0: Called Strike 2-1: Fly out, F8 (Line Drive, 8LD, EV 103.1 MPH)
|
|
Batting: RHB Dave Gallegos
|
0-0: Ground out 4-3 (Groundball, 34, EV 96.9 MPH)
|
| Top of the 5th over - 0 runs, 0 hits, 0 errors, 0 left on base; York 0 - Niagara Falls 4 |
| BOTTOM OF THE 5TH |
|
Niagara Falls Phantoms batting - Pitching for York Revolution : RHP John Hughes
|
|
Batting: RHB Devon Utley
|
0-0: Called Strike 0-1: Swinging Strike 0-2: Foul Ball, location: 2F 0-2: Foul Ball, location: 2F 0-2: Ball 1-2: Strikes out swinging
|
|
Batting: LHB Jose Lebron
|
0-0: Ball 1-0: Ground out 5-3 (Groundball, 5D, EV 99.4 MPH)
|
|
Batting: LHB Bart Davies
|
0-0: Swinging Strike 0-1: SINGLE (Groundball, 3S, EV 66.9 MPH) (infield hit)
|
|
Batting: SHB David Stewart
|
0-0: Called Strike 0-1: Ground out 4-3 (Groundball, 4S, EV 86.2 MPH)
|
| Bottom of the 5th over - 0 runs, 1 hit, 0 errors, 1 left on base; York 0 - Niagara Falls 4 |
| TOP OF THE 6TH |
|
York Revolution batting - Pitching for Niagara Falls Phantoms : LHP Joel Pacheco
|
|
Batting: RHB Victor Arias
|
0-0: Foul Ball, location: 2F 0-1: Foul Ball, location: 2F 0-2: Strikes out swinging
|
|
Batting: RHB Tony Perez
|
0-0: Foul Ball, location: 2F 0-1: Ball 1-1: Foul Ball, location: 2F 1-2: Foul Ball, location: 2F 1-2: Ball 2-2: Fly out, F7 (Flyball, 7LM, EV 91.9 MPH)
|
|
Batting: RHB Chris Myers
|
0-0: Ball 1-0: Fly out, F7 (Flyball, 78D, EV 97.5 MPH)
|
| Top of the 6th over - 0 runs, 0 hits, 0 errors, 0 left on base; York 0 - Niagara Falls 4 |
| BOTTOM OF THE 6TH |
|
Niagara Falls Phantoms batting - Pitching for York Revolution : RHP John Hughes
|
|
Batting: RHB Dale Altman
|
0-0: Called Strike 0-1: Ground out 4-3 (Groundball, 4, EV 81.9 MPH)
|
|
Batting: RHB Mark Stafford
|
0-0: Ball 1-0: Foul Ball, location: 2F 1-1: Ball 2-1: Foul Ball, location: 2F 2-2: Fly out, F8 (Flyball, 78M, EV 91.9 MPH)
|
|
Batting: RHB John Sprenkel
|
0-0: DOUBLE (Line Drive, 78D, EV 111.9 MPH)
|
|
Batting: RHB Christian Shearer
|
0-0: Called Strike 0-1: Ball 1-1: Ground out 2-3 (Groundball, 15S, EV 67.5 MPH)
|
| Bottom of the 6th over - 0 runs, 1 hit, 0 errors, 1 left on base; York 0 - Niagara Falls 4 |
| TOP OF THE 7TH |
|
York Revolution batting - Pitching for Niagara Falls Phantoms : LHP Joel Pacheco
|
|
Batting: RHB Trent Hedrick
|
0-0: SOLO HOME RUN (Flyball, 78XD, EV 98.8 MPH), Distance : 395 ft
|
|
Batting: RHB Jose Corral
|
0-0: Ground out 5-3 (Groundball, 56S, EV 63.1 MPH)
|
|
Batting: RHB Lee Wright
|
0-0: Ball 1-0: Foul Ball, location: 2F 1-1: Called Strike 1-2: Ground out 5-3 (Groundball, 5, EV 88.1 MPH)
|
|
Batting: RHB Jake Cox
|
0-0: Ball 1-0: Ball 2-0: Ball 3-0: Called Strike 3-1: Swinging Strike 3-2: Foul Ball, location: 2F 3-2: Strikes out looking
|
| Top of the 7th over - 1 run, 1 hit, 0 errors, 0 left on base; York 1 - Niagara Falls 4 |
| BOTTOM OF THE 7TH |
|
Niagara Falls Phantoms batting - Pitching for York Revolution : RHP John Hughes
|
|
Batting: SHB Mukhtar Wa'il
|
0-0: Ball 1-0: Fly out, F5 (Popup, 6S, EV 78.1 MPH)
|
|
Batting: RHB Devon Utley
|
0-0: Ball 1-0: Called Strike 1-1: SINGLE (Line Drive, 7LS, EV 100.6 MPH)
|
|
Batting: LHB Jose Lebron
|
0-0: Ball 1-0: Called Strike 1-1: Ball Devon Utley steals 2nd base 2-1: Ground out 4-3 (Groundball, 4, EV 104.4 MPH) Devon Utley to third
|
|
Batting: LHB Bart Davies
|
0-0: Called Strike 0-1: Ball 1-1: Ball 2-1: SINGLE (Line Drive, 34, EV 95.0 MPH) Devon Utley scores
|
|
Pitching: LHP Chris Burch
|
|
|
Batting: SHB David Stewart
|
0-0: Ball 1-0: 2-RUN HOME RUN (Flyball, 89XD, EV 103.1 MPH), Distance : 405 ft
|
|
Batting: RHB Dale Altman
|
0-0: Foul Ball, location: 2F 0-1: Ground out 4-3 (Groundball, 4M, EV 108.8 MPH)
|
| Bottom of the 7th over - 3 runs, 3 hits, 0 errors, 0 left on base; York 1 - Niagara Falls 7 |
| TOP OF THE 8TH |
|
York Revolution batting - Pitching for Niagara Falls Phantoms : LHP Joel Pacheco
|
|
Pitching: RHP Ryan Walker
|
|
|
Batting: RHB Joe Hewitt
|
0-0: Called Strike 0-1: Ball 1-1: Ball 2-1: Foul Ball, location: 2F 2-2: Foul Ball, location: 2F 2-2: Strikes out swinging
|
|
Batting: RHB Dave Gallegos
|
0-0: Called Strike 0-1: Ball 1-1: Foul Ball, location: 2F 1-2: Foul Ball, location: 2F 1-2: Strikes out swinging
|
|
Batting: RHB Victor Arias
|
0-0: Ball 1-0: Foul Ball, location: 2F 1-1: DOUBLE (Flyball, 8LXD, EV 91.9 MPH)
|
|
Batting: RHB Tony Perez
|
0-0: Ball 1-0: Foul Ball, location: 2F 1-1: Ball 2-1: Foul Ball, location: 2F 2-2: Ball 3-2: Foul Ball, location: 2F 3-2: Ground out 6-3 (Groundball, 6, EV 105.6 MPH)
|
| Top of the 8th over - 0 runs, 1 hit, 0 errors, 1 left on base; York 1 - Niagara Falls 7 |
| BOTTOM OF THE 8TH |
|
Niagara Falls Phantoms batting - Pitching for York Revolution : LHP Chris Burch
|
|
Batting: RHB Mark Stafford
|
0-0: Ball 1-0: SINGLE (Flyball, 6MD, EV 88.8 MPH)
|
|
Batting: RHB John Sprenkel
|
0-0: Foul Ball, location: 2F 0-1: Ball 1-1: Called Strike 1-2: Foul Ball, location: 2F 1-2: Ball 2-2: Foul Ball, location: 2F 2-2: Foul Ball, location: 2F 2-2: Ball 3-2: Foul Ball, location: 2F 3-2: Base on Balls Mark Stafford to second
|
|
Batting: RHB Christian Shearer
|
0-0: Ball 1-0: 3-RUN HOME RUN (Flyball, 8RXD, EV 108.1 MPH), Distance : 441 ft
|
|
Pitching: RHP Jonathan Beishline
|
|
|
Pinch Hitting: RHB Sam Hubbert
|
0-0: Ground out U3 (Groundball, 34, EV 103.1 MPH)
|
|
Batting: RHB Devon Utley
|
0-0: Foul Ball, location: 2F 0-1: Swinging Strike 0-2: Strikes out looking
|
|
Batting: LHB Jose Lebron
|
0-0: Foul Ball, location: 2F 0-1: Foul Ball, location: 2F 0-2: Strikes out looking
|
| Bottom of the 8th over - 3 runs, 2 hits, 0 errors, 0 left on base; York 1 - Niagara Falls 10 |
| TOP OF THE 9TH |
|
York Revolution batting - Pitching for Niagara Falls Phantoms : RHP Ryan Walker
|
|
Now at 1B: Sam Hubbert
|
|
|
Pinch Hitting: RHB Zach Slot
|
0-0: SOLO HOME RUN (Flyball, 8RXD, EV 112.5 MPH), Distance : 440 ft
|
|
Pinch Hitting: LHB Joel Moore
|
0-0: Ground out 1-3 (Groundball, 13, EV 68.1 MPH)
|
|
Batting: RHB Jose Corral
|
0-0: Swinging Strike 0-1: Called Strike 0-2: Strikes out swinging
|
|
Pinch Hitting: SHB Dana Guthrie
|
0-0: Ball 1-0: Foul Ball, location: 2F 1-1: Called Strike 1-2: Ball 2-2: Strikes out looking
|
| Top of the 9th over - 1 run, 1 hit, 0 errors, 0 left on base; York 2 - Niagara Falls 10 |
|